 Dungeon Crawl Stone Soup version 0.29-a0-517-gbdf32494f2 (webtiles) character file.

Game seed: 9139489092846534190

170967 jlumianski the Severer (level 18, -11/112 HPs)
             Began as a Gargoyle Fighter on May 29, 2022.
             Was the Champion of Qazlal.
             Mangled by an emperor scorpion simulacrum (43 damage)
             ... on level 3 of the Spider Nest on May 31, 2022.
             The game lasted 02:45:34 (29001 turns).

jlumianski the Severer (Gargoyle Fighter)          Turns: 29001, Time: 02:45:37

Health: -11/112    AC: 46    Str: 34      XL:     18   Next: 0%
Magic:  37/37      EV:  6    Int:  4      God:    Qazlal [******]
Gold:   715        SH: 22    Dex: 12 (13) Spells: 17/17 levels left

rFire   . . .      SeeInvis +   I - +4 broad axe of Majestic Conscience {freeze, rPois Str+8 Int-5 Dex+4}
rCold   . . .      Faith    .   u - +1 kite shield {reflect}
rNeg    + . .      Spirit   .   p - +1 crystal plate armour
rPois   ∞          Reflect  +   M - +1 helmet
rElec   +          Harm     +   Q - scarf {harm}
rCorr   .          Rampage  .   n - +0 pair of gloves
Will    +....                   f - +1 pair of boots
Stlth   ..........              w - amulet of regeneration
HPRegen 1.08/turn               B - +4 ring of protection
MPRegen 0.25/turn               Z - ring of Soaraeth {MP+9 SInv}

@: flying, studying Unarmed Combat, repel missiles
A: sickness immunity, AC +13, big wings, negative energy resistance 1,
electricity resistance, torment resistance 1, petrification resistance, dopey 1
a: Renounce Religion, Upheaval, Elemental Force, Disaster Area


You were on level 3 of the Spider Nest.
You worshipped Qazlal.
Qazlal was exalted by your worship.
You visited 5 branches of the dungeon, and saw 28 of its levels.
You also visited: Bailey and Gauntlet.

You collected 3121 gold pieces.
You spent 2406 gold pieces at shops.

Inventory:

Hand Weapons
 k - the +9 trident of the Hall of Blades {flame, Fly}
   (You took it off a minotaur in a Gauntlet)

   It burns those it strikes, dealing additional fire damage.
   Fly:       It grants you flight.
 I - the +4 broad axe of Majestic Conscience (weapon) {freeze, rPois Str+8 Int-5 Dex+4}
   (You acquired it on level 7 of the Dungeon)

   It freezes those it strikes, dealing additional cold damage.
   It can also slow down cold-blooded creatures.
   Str:       It affects your strength (+8).
   Int:       It affects your intelligence (-5).
   Dex:       It affects your dexterity (+4).
   rPois:     It protects you from poison.
 S - a +2 demon trident of venom
 V - the +1 war axe "Foys" {flame, rN+ Will+ Int+6}
   (You bought it in a shop on level 8 of the Dungeon)

   It burns those it strikes, dealing additional fire damage.
   Big, fiery blades are also staple armaments of hydra-hunters.
   Int:       It affects your intelligence (+6).
   rN:        It protects you from negative energy.
   Will:      It increases your willpower.
Missiles
 l - 7 silver javelins
 r - 9 boomerangs (quivered)
 x - 9 poisoned darts
 y - 2 boomerangs of dispersal
 D - 6 datura-tipped darts
 X - a throwing net
Armour
 f - a +1 pair of boots (worn)
 m - the +3 Mad Mage's Maulers {Infuse+∞ RegenMP Int-3}
   (You found it in a Gauntlet)

   It empowers its wearer's blows with all of their magic.
   It causes its wearer's magical reserves to regenerate more quickly.
   Int:       It affects your intelligence (-3).
 n - a +0 pair of gloves (worn)
 p - a +1 crystal plate armour (worn)
 u - a +1 kite shield of reflection (worn)
 v - a +1 cloak of preservation
 H - a +2 cloak
 M - a +1 helmet (worn)
 Q - a scarf of harm (worn)
Magical Staves
 A - a staff of death
Jewellery
 a - a ring of resist corrosion
 w - an amulet of regeneration (around neck)
 B - a +4 ring of protection (left hand)
 J - a +4 ring of evasion
 Z - the ring of Soaraeth (right hand) {MP+9 SInv}
   (You bought it in a shop on level 13 of the Dungeon)

   [ring of magical power]

   MP:        It affects your magic capacity (+9).
   SInv:      It lets you see invisible.
Wands
 g - a wand of flame (24)
 s - a wand of paralysis (16)
 N - a wand of acid (9)
 O - a wand of iceblast (9)
 R - a wand of digging (11)
 T - a wand of mindburst (26)
Scrolls
 c - a scroll of immolation
 e - 4 scrolls of blinking
 h - 4 scrolls of fear
 j - 12 scrolls of teleportation
 o - a scroll of poison
 C - a scroll of enchant weapon
 E - 2 scrolls of summoning
 F - 2 scrolls of silence
 G - a scroll of amnesia
 U - 3 scrolls of fog
Potions
 d - 7 potions of might
 i - 16 potions of curing
 q - 6 potions of heal wounds
 t - 9 potions of haste
 z - a potion of ambrosia
 K - 4 potions of cancellation
 L - a potion of invisibility
 P - a potion of resistance
 W - 3 potions of berserk rage
Miscellaneous
 b - a box of beasts
 Y - a tin of tremorstones (2/2)


   Skills:
 + Level 12.5 Fighting
 + Level 16.8 Axes
 + Level 0.4(11.9) Maces & Flails
 + Level 2.6 Throwing
 + Level 11.1 Armour
 - Level 2.5 Dodging
 - Level 1.0 Stealth
 + Level 14.8 Shields
 * Level 13.5 Invocations
 * Level 10.7 Evocations


You had 17 spell levels left.
You didn't know any spells.
Your spell library contained the following spells:

 Spells                   Type           Power      Damage    Failure   Level
 Beastly Appendage        Tmut           0%         N/A       100%        1
 Magic Dart               Conj           0%         1d3       100%        1
 Shock                    Conj/Air       0%         1d3       100%        1
 Call Imp                 Summ           0%         N/A       100%        2
 Scorch                   Fire           0%         2d5       100%        2
 Wereblood                Tmut           0%         N/A       100%        2
 Conjure Flame            Conj/Fire      0%         6-21      100%        3
 Frozen Ramparts          Ice            0%         1d2       100%        3
 Ignite Poison            Fire/Tmut/Pois 0%         N/A       100%        3
 Mephitic Cloud           Conj/Pois/Air  0%         N/A       100%        3
 Ozocubu's Armour         Ice            0%         N/A       100%        3
 Spider Form              Tmut/Pois      0%         N/A       100%        3
 Flame Wave               Conj/Fire      0%         2d4       100%        4
 Fulminant Prism          Conj/Hex       0%         3d6       100%        4
 Ice Form                 Ice/Tmut       0%         N/A       100%        4
 Iskenderun's Mystic Bla  Conj/Tloc      0%         2d3       100%        4
 Leda's Liquefaction      Hex/Erth       0%         N/A       100%        4
 Sticky Flame             Conj/Fire      0%         2d3       100%        4
 Summon Ice Beast         Ice/Summ       0%         N/A       100%        4
 Summon Lightning Spire   Summ/Air       0%         N/A       100%        4
 Lee's Rapid Deconstruct  Erth           0%         3d5*      100%        5
 Metabolic Englaciation   Hex/Ice        0%         N/A       100%        5
 Summon Forest            Summ/Tloc      0%         N/A       100%        5
 Eringya's Noxious Bog    Tmut/Pois      0%         N/A       100%        6
 Simulacrum               Ice/Necr       0%         N/A       100%        6
 Summon Cactus Giant      Summ           0%         N/A       100%        6
 Storm Form               Tmut/Air       0%         N/A       100%        7
 Summon Hydra             Summ           0%         N/A       100%        7
 Maxwell's Capacitive Co  Air            0%         ∞         100%        8
 Sublimation of Blood     Necr           Unusable   N/A       N/A         2
 Statue Form              Tmut/Erth      Unusable   N/A       N/A         6

Dungeon Overview and Level Annotations

Branches:
Dungeon (15/15)            Temple (1/1) D:4            Lair (6/6) D:10
  Swamp (0/4) Lair:4       Spider (4/4) Lair:3        Slime (0/5) Lair:5
    Orc (2/2) D:12            Elf (0/3) Orc:2        Vaults (0/5) D:13
 Depths (0/4) D:15         Bailey (visited)         Gauntlet (visited)

Altars:
Ashenzari
Cheibriados
Dithmenos
Elyvilon
Fedhas
Gozag
Hepliaklqana
Kikubaaqudgha
Makhleb
Nemelex Xobeh
Okawaru
Qazlal
Ru
Sif Muna
Trog
Uskayaw
Vehumet
Wu Jian
Xom
Yredelemnul
Zin
The Shining One
Beogh
Jiyva

Shops:
D:1 !   D:8 *   D:13 *   D:15 (   Orc:2 :[?:[**

Portals:
Trove: D:12 (give 16 scrolls of teleportation)

Annotations:
D:4 1 runed translucent door, Taurus's ghost, amateur MiFi


Innate Abilities, Weirdness & Mutations

You are immune to sickness and miasma.
Your stone body is resilient. (AC +13)
You are immune to poison.
Your large and strong wings let you fly.
You resist negative energy. (rN+)
You are resistant to electric shocks. (rElec)
You are resistant to unholy torment.
You are immune to petrification.
You are dopey. (Int -2)


Message History

The demonic crawler hits you but does no damage.
The demonic crawler closely misses you.
You slice the demonic crawler!! You freeze the demonic crawler.
The demonic crawler is severely wounded.
You hit the emperor scorpion but do no damage.
The emperor scorpion is engulfed in freezing vapours.
The emperor scorpion stings you.
You block the emperor scorpion's attack. x2
The demonic crawler shrieks in warning!
You hit the demonic crawler but do no damage.
The demonic crawler is severely wounded.
You barely miss the emperor scorpion.
The emperor scorpion is engulfed in freezing vapours.
You kill the emperor scorpion!
Qazlal accepts your kill.
A freezing mist starts to gather...
You block the demonic crawler's attack.
The demonic crawler hits you but does no damage.
The demonic crawler barely misses you.
You feel your intelligence returning.
You have reached level 18!
An emperor scorpion simulacrum comes into view.
You hit the demonic crawler but do no damage.
The demonic crawler is severely wounded.
You hit the emperor scorpion simulacrum but do no damage.
The demonic crawler hits you but does no damage.
You block the demonic crawler's attack. The demonic crawler barely misses you.
You closely miss the demonic crawler.
The demonic crawler is severely wounded.
You hit the emperor scorpion simulacrum.
You block the emperor scorpion simulacrum's attack. x2
The emperor scorpion simulacrum claws you but does no damage.
The demonic crawler hits you but does no damage. x3
You slice the demonic crawler!! You freeze the demonic crawler.
You kill the demonic crawler!
Qazlal accepts your kill.
You hit the emperor scorpion simulacrum.
The emperor scorpion simulacrum hits you!
* * * LOW HITPOINT WARNING * * *
The emperor scorpion simulacrum freezes you!!!
You die...

##.## #.##..#
#...## ##.###.#
..#..## #......##
..##..###.......#
...^##..........#
...#............##
....##........○°.#
....###.........†##
....##.........○@†#
....##..........Z.#
....##..........☼##
...##...†>.......#
...##............#
#####...........##
# #............#
#...........### #
#.^...........#


You could see an emperor scorpion simulacrum.

Vanquished Creatures
  3 emperor scorpions (Spider:3)
  6 ghost moths
  The ghost of pokeman the Sorcerer, a journeyman DEWz of Vehumet (D:12)
  Nessos (Lair:5)
  2 entropy weavers
  A minotaur (Gauntlet)
  2 dire elephants
  A spark wasp (Spider:3)
  A fire dragon (D:14)
  A crystal guardian (D:13)
  The ghost of jlumianski the Arsonist, a journeyman GrFE (Lair:6)
  Snorg (Lair:4)
  An ice dragon (D:15)
  5 hydras
  A jorogumo (Spider:2)
  5 vault guards
  5 boulder beetles
  3 centaur warriors
  4 radroaches
  Erica (Lair:1)
  A two-headed ogre (D:6)
  3 catoblepae
  A tengu warrior (D:12)
  A deep troll shaman (Lair:6)
  8 death yaks
  A deep troll earth mage (D:12)
  2 orc high priests (Orc:1)
  A deep elf knight (D:12)
  A sixfirhy (Gauntlet)
  6 pharaoh ants
  8 skeletal warriors
  Lodul (D:12)
  5 steelbarb worms
  5 orb spiders
  A swamp dragon (Lair:4)
  A deep troll (D:15)
  4 wizards
  3 lindwurms (Lair:4)
  3 deep elf pyromancers
  A necromancer (Gauntlet)
  6 orc knights
  An orc sorcerer (D:15)
  4 cyclopes
  13 wolf spiders
  4 manticores
  2 ugly things
  8 elephants
  5 black mambas
  5 torpor snails
  2 gargoyles (D:12)
  A kobold demonologist (D:13)
  13 cane toads
  2 rime drakes
  Psyche (D:9)
  An unseen horror (shapeshifter) (D:14)
  13 demonic crawlers
  An ice devil (Gauntlet)
  2 tengu conjurers
  11 komodo dragons
  A queen bee (Lair:6)
  A guardian mummy (D:12)
  5 meliai
  A meliai (shapeshifter) (D:14)
  3 polar bears
  A burning bush (Lair:4)
  2 trolls
  3 hornets
  30 slime creatures
  21 tarantellas
  13 blink frogs
  A blink frog (shapeshifter) (D:14)
  2 wind drakes (shapeshifter) (D:14)
  9 dream sheep
  20 jumping spiders
  5 wyverns
  17 culicivoras
  2 wraiths
  A spriggan (Lair:6)
  3 shadows
  50 yaks
  A vampire (D:14)
  Eustachio (D:5)
  2 basilisks
  48 redbacks
  2 humans (D:13)
  2 steam dragons
  6 vampire mosquitoes
  Menkaure (D:7)
  2 swamp worms (Lair:2)
  9 wargs
  An acid dragon (D:6)
  9 water moccasins
  Duvessa (D:5)
  43 orc warriors
  3 sky beasts
  3 black bears
  2 ice beasts (D:5)
  40 wolves
  6 centaurs
  12 ogres
  2 phantoms
  4 kobold brigands
  14 bullfrogs
  A scorpion (D:4)
  5 necrophages
  21 wights
  Dowan (D:5)
  22 killer bees
  4 howler monkeys
  4 electric eels
  A hound (D:6)
  2 jellies
  14 orc priests
  A gnoll shaman (Lair:1)
  Terence (D:3)
  Jessica (D:2)
  Natasha (D:2)
  8 iguanas
  16 orc wizards
  8 gnolls (Bailey)
  9 adders
  3 white imps
  2 ufetubi (Gauntlet)
  3 worms
  2 dart slugs
  82 orcs
  7 endoplasms
  4 giant cockroaches
  11 goblins
  3 hobgoblins
  A jackal (D:14)
  7 kobolds
  2 quokkas (D:4)
  11 ball pythons
  5 bats
  2 frilled lizards
  A rat (D:1)
869 creatures vanquished.

Vanquished Creatures (collateral kills)
  Donald (Orc:2)
  A boulder beetle (D:11)
  A manticore (D:15)
  Joseph (D:9)
  A blink frog (Lair:4)
  3 slime creatures
  A redback (Spider:3)
  2 centaurs
  Crazy Yiuf (D:3)
  Natasha (twice) (D:2)
  An adder (D:4)
  3 orcs
  2 endoplasms (D:2)
20 creatures vanquished.

Vanquished Creatures (others)
  2 redbacks
  A wolf (Lair:4)
  A quokka (D:14)
  12 fungi
  45 plants
  2 withered plants (D:4)
63 creatures vanquished.

Grand Total: 952 creatures vanquished

Notes
Turn   | Place    | Note
-------+----------+-------------------------------------------
     0 | D:1      | jlumianski the Gargoyle Fighter began the quest for the
                  | Orb.
     0 | D:1      | Reached XP level 1. HP: 14/14 MP: 1/1
   400 | D:1      | Found Qexziuntimn's Distillery.
   407 | D:1      | Reached XP level 2. HP: 17/19 MP: 2/2
   719 | D:1      | Reached skill level 2 in Axes
   772 | D:1      | Found a faded altar of an unknown god.
   784 | D:1      | Got Plato's Volume of Lightness
   963 | D:2      | Found the +2 ratskin cloak {*Rats rPois rN+ Str-1 Int-1
                  | Dex+1}
  1100 | D:2      | Reached XP level 3. HP: 23/23 MP: 3/3
  1110 | D:2      | Noticed Natasha
  1122 | D:2      | Killed Natasha
  1123 | D:2      | Reached XP level 4. HP: 11/28 MP: 4/4
  1302 | D:2      | Noticed Natasha
  1357 | D:2      | Reached skill level 1 in Dodging
  1510 | D:2      | Killed Natasha
  1873 | D:2      | Noticed Jessica
  1892 | D:2      | Killed Jessica
  1893 | D:2      | Reached XP level 5. HP: 33/33 MP: 5/5
  1901 | D:2      | Reached skill level 3 in Axes
  2223 | D:2      | Noticed Natasha
  2233 | D:2      | Killed Natasha
  2296 | D:3      | Noticed Terence
  2309 | D:3      | Killed Terence
  2590 | D:3      | Reached XP level 6. HP: 38/38 MP: 6/6
  2623 | D:3      | Reached skill level 4 in Axes
  2833 | D:3      | Found a runed translucent door.
  2834 | D:3      | Noticed Crazy Yiuf
  2938 | D:3      | Found a stormy altar of Qazlal.
  3039 | D:3      | Found an ornate altar of the Wu Jian Council.
  3041 | D:3      | Found a glowing golden altar of the Shining One.
  3115 | D:3      | Killed Crazy Yiuf
  3335 | D:4      | Found a staircase to the Ecumenical Temple.
  3354 | Temple   | Entered the Ecumenical Temple
  3453 | D:3      | Became a worshipper of Qazlal Stormbringer
  3490 | D:4      | Found an ancient bone altar of Kikubaaqudgha.
  3695 | D:4      | Reached XP level 7. HP: 41/44 MP: 7/7
  3789 | D:4      | Reached skill level 5 in Axes
  3869 | D:4      | Found a runed translucent door.
  3869 | D:4      | Noticed Taurus's ghost (amateur MiFi)
  4224 | D:5      | Entered Level 5 of the Dungeon
  4270 | D:5      | Reached skill level 5 in Armour
  4436 | D:5      | Reached XP level 8. HP: 35/48 MP: 8/8
  4619 | D:5      | Reached skill level 6 in Axes
  4655 | D:5      | Noticed Eustachio
  4814 | D:5      | Reached skill level 5 in Fighting
  4847 | D:5      | Killed Eustachio
  4982 | D:5      | Noticed Dowan
  4988 | D:5      | Noticed Duvessa
  5186 | D:5      | Reached * piety under Qazlal
  5213 | D:5      | Reached skill level 7 in Axes
  5370 | D:5      | Killed Duvessa
  5378 | D:5      | Killed Dowan
  5506 | D:6      | Reached XP level 9. HP: 51/54 MP: 9/9
  5551 | D:6      | Reached skill level 5 in Shields
  5626 | D:6      | Reached skill level 8 in Axes
  6112 | D:7      | Found a flagged portal.
  6132 | Bailey   | Entered a bailey
  6304 | Bailey   | Noticed an orc knight
  6321 | Bailey   | Killed an orc knight
  6322 | Bailey   | Reached skill level 1 in Invocations
  6331 | Bailey   | Reached ** piety under Qazlal
  6621 | D:6      | Identified the +0 leather armour "Ohetis" {rElec Str-3
                  | Dex+2}
  6771 | D:6      | Noticed a two-headed ogre
  6795 | D:6      | Killed a two-headed ogre
  6796 | D:6      | Reached skill level 9 in Axes
  6796 | D:6      | Reached skill level 1 in Throwing
  6796 | D:6      | Reached XP level 10. HP: 22/61 MP: 8/12
  7125 | D:7      | Noticed Menkaure
  7132 | D:7      | Killed Menkaure
  7150 | D:7      | Acquired the +4 broad axe of Majestic Conscience {freeze,
                  | rPois Str+8 Int-5 Dex+4}
  7181 | D:7      | Found a snail-covered altar of Cheibriados.
  7181 | D:7      | Noticed a red ugly thing
  7424 | D:7      | Killed a red ugly thing
  7425 | D:7      | Reached skill level 1 in Stealth
  8242 | D:8      | Reached skill level 5 in Invocations
  8318 | D:8      | Found Nuwno's Assorted Antiques.
  8341 | D:8      | Bought a faintly glowing war axe for 187 gold pieces
  8341 | D:8      | Identified the +1 war axe "Foys" {flame, rN+ Will+ Int+6}
                  | (You bought it in a shop on level 8 of the Dungeon)
  8376 | D:8      | Reached skill level 10 in Axes
  8587 | D:9      | Noticed Joseph
  8602 | D:9      | Killed Joseph
  8603 | D:9      | Reached XP level 11. HP: 46/67 MP: 15/15
  8790 | D:9      | Reached *** piety under Qazlal
  8846 | D:9      | Noticed Psyche
  8934 | D:9      | Killed Psyche
  9441 | D:10     | Entered Level 10 of the Dungeon
  9470 | D:10     | Found a blossoming altar of Fedhas.
  9471 | D:10     | Found a radiant altar of Vehumet.
  9820 | D:10     | Found a staircase to the Lair.
  9836 | D:10     | Reached skill level 11 in Axes
 10052 | D:10     | Noticed a manticore
 10072 | D:10     | Killed a manticore
 10114 | D:10     | Found a hazy altar of Hepliaklqana.
 10527 | D:11     | Noticed an eight-headed hydra
 10585 | D:10     | Killed a three-headed hydra
 10586 | D:10     | Reached skill level 1 in Evocations
 10964 | D:12     | Identified the ring "Keorief" {rF- Str-2 Int+4 Dex+6}
 10979 | D:12     | Noticed a deep elf pyromancer
 11005 | D:12     | Noticed a boulder beetle
 11010 | D:11     | Reached **** piety under Qazlal
 11029 | D:11     | Killed a boulder beetle
 11074 | D:11     | Reached XP level 12. HP: 69/73 MP: 17/17
 11416 | D:12     | Found a portal to a secret trove of treasure.
 11594 | D:12     | Found a staircase to the Orcish Mines.
 11706 | D:12     | Reached skill level 12 in Axes
 11876 | D:13     | Noticed a tengu warrior
 11900 | D:12     | Killed a tengu warrior
 12023 | D:13     | Noticed Lodul
 12052 | D:12     | Killed Lodul
 12270 | D:13     | Noticed a centaur warrior
 12283 | D:13     | Killed a centaur warrior
 12339 | D:13     | Found a runed translucent gate.
 12340 | D:13     | Found a runed translucent gate.
 12471 | D:13     | Found a runed translucent gate.
 12472 | D:13     | Found an opulent altar of Gozag.
 12489 | D:13     | Noticed a crystal guardian
 12489 | D:13     | Noticed a centaur warrior
 12490 | D:13     | Noticed a deep troll earth mage
 12490 | D:13     | Noticed pokeman's ghost (journeyman DEWz)
 12491 | D:13     | Found Vuej's Assorted Antiques.
 12566 | D:13     | Noticed a vault guard
 12566 | D:13     | Noticed a deep elf knight
 12567 | D:13     | Noticed a vault guard
 12579 | D:13     | Noticed a vault guard
 12587 | D:13     | Killed a vault guard
 12593 | D:13     | Reached skill level 5 in Evocations
 12593 | D:13     | Reached XP level 13. HP: 79/80 MP: 19/19
 12624 | D:13     | Killed a vault guard
 12655 | D:13     | Noticed a vault guard
 12656 | D:13     | Noticed a vault guard
 12660 | D:13     | Found a gate to the Vaults.
 12685 | D:13     | Killed a vault guard
 12722 | D:12     | Killed a vault guard
 12723 | D:12     | Reached skill level 13 in Axes
 12754 | D:12     | Killed a vault guard
 13043 | D:12     | Killed pokeman's ghost
 13072 | D:13     | Reached skill level 10 in Shields
 13082 | D:13     | Killed a crystal guardian
 13129 | D:13     | Bought a potion of heal wounds for 120 gold pieces
 13129 | D:13     | Bought a shiny plate armour for 624 gold pieces
 13129 | D:13     | Bought a shimmering bronze ring for 120 gold pieces
 13129 | D:13     | Identified the ring of Soaraeth {MP+9 SInv} (You bought it
                  | in a shop on level 13 of the Dungeon)
 13260 | D:14     | Gained mutation: Your large and strong wings let you fly.
                  | [Gargoyle growth]
 13260 | D:14     | Reached XP level 14. HP: 86/86 MP: 19/21
 13427 | D:14     | Found a sacrificial altar of Ru.
 13515 | D:14     | You are sucked into a shaft and drop 1 floor!
 13515 | D:15     | Entered Level 15 of the Dungeon
 13528 | D:15     | Reached skill level 10 in Invocations
 13816 | D:14     | Found a white marble altar of Elyvilon.
 14466 | D:14     | Reached skill level 10 in Fighting
 14603 | D:14     | Reached XP level 15. HP: 20/92 MP: 15/22
 14812 | D:15     | Reached skill level 14 in Axes
 14907 | D:15     | Found Nikh's Weapon Boutique.
 15035 | D:15     | Found a staircase to the Depths.
 15441 | Lair:1   | Entered Level 1 of the Lair of Beasts
 15569 | Orc:1    | Entered Level 1 of the Orcish Mines
 15569 | Orc:1    | Found a burning altar of Makhleb.
 15776 | Orc:2    | Entered Level 2 of the Orcish Mines
 15801 | Orc:2    | Noticed Donald
 15815 | Orc:2    | Killed Donald
 16004 | Orc:2    | Found Benaibigy's Armour Boutique.
 16005 | Orc:2    | Found Geiqosso's Magic Scroll Emporium.
 16190 | Orc:2    | Bought a scroll of blinking for 97 gold pieces
 16219 | Orc:2    | Found Qeinalism's Book Shop.
 16309 | Orc:2    | Found Tirhurra's Book Shop.
 16706 | Orc:2    | Reached ***** piety under Qazlal
 16836 | Orc:2    | Found Neluolan's General Store.
 16836 | Orc:2    | Found Xoevusu's Assorted Antiques.
 16843 | Orc:2    | Bought 3 scrolls of identify for 180 gold pieces
 16852 | Orc:2    | Bought a potion of heal wounds for 80 gold pieces
 16852 | Orc:2    | Bought a scroll of blinking for 120 gold pieces
 16876 | Orc:2    | Found Gussuxzi's Antique Armour Shoppe.
 16906 | Orc:2    | Found a staircase to the Elven Halls.
 17921 | Orc:2    | Bought a scroll of summoning for 123 gold pieces
 17921 | Orc:2    | Bought a scroll of brand weapon for 260 gold pieces
 17961 | Orc:2    | Bought 6 datura-tipped darts for 38 gold pieces
 17961 | Orc:2    | Bought 5 poisoned darts for 32 gold pieces
 17961 | Orc:2    | Bought a potion of mutation for 128 gold pieces
 17974 | Orc:2    | Bought a tubular opal ring for 150 gold pieces
 17974 | Orc:2    | Bought a ruby potion for 27 gold pieces
 17974 | Orc:2    | Bought a wand of mindburst (6) for 120 gold pieces
 18247 | Lair:1   | Noticed Erica
 18258 | Lair:1   | Killed Erica
 20013 | Lair:3   | Found a gate leading to a gauntlet.
 20059 | Gauntlet | Entered a Gauntlet
 20059 | Gauntlet | Found a transporter.
 20059 | Gauntlet | Found a transporter.
 20062 | Gauntlet | Found a transporter.
 20063 | Gauntlet | Found a large runed translucent door.
 20063 | Gauntlet | Found a transporter.
 20064 | Gauntlet | Found a large runed translucent door.
 20065 | Gauntlet | Found a large runed translucent door.
 20065 | Gauntlet | Found a large runed translucent door.
 20065 | Gauntlet | Found a runed translucent door.
 20065 | Gauntlet | Found a transporter.
 20065 | Gauntlet | Found a runed translucent door.
 20066 | Gauntlet | Found a large runed translucent door.
 20067 | Gauntlet | Found a large runed translucent door.
 20068 | Gauntlet | Found a large runed translucent door.
 20068 | Gauntlet | Found a large runed translucent door.
 20078 | Gauntlet | Found a transporter.
 20102 | Gauntlet | Found a large runed translucent door.
 20103 | Gauntlet | Found a large runed translucent door.
 20104 | Gauntlet | Found a large runed translucent door.
 20104 | Gauntlet | Found a large runed translucent door.
 20105 | Gauntlet | Found a large runed translucent door.
 20106 | Gauntlet | Found a large runed translucent door.
 20107 | Gauntlet | Found a large runed translucent door.
 20107 | Gauntlet | Found a large runed translucent door.
 20108 | Gauntlet | Found a runed translucent gate.
 20108 | Gauntlet | Found a runed translucent gate.
 20110 | Gauntlet | Found a transporter.
 20113 | Gauntlet | Found a transporter.
 20120 | Gauntlet | Found a runed translucent gate.
 20147 | Gauntlet | Found a transporter.
 20156 | Gauntlet | Found a transporter.
 20171 | Gauntlet | Found a transporter.
 20174 | Gauntlet | Found a transporter.
 20237 | Gauntlet | Identified the +5 mace "Qif Waif" {venom, rC+ Will+ Int+4}
 20286 | Gauntlet | Reached skill level 10 in Armour
 20299 | Gauntlet | Identified the +1 pair of gloves of Disaster {rCorr Str-4
                  | Stlth+}
 20413 | Gauntlet | Found the +3 Mad Mage's Maulers {Infuse+∞ RegenMP Int-3}
 20413 | Gauntlet | Identified the +9 trident of the Hall of Blades {flame,
                  | Fly}
 20434 | Gauntlet | Identified the +1 steam dragon scales of the Swamp {rCorr
                  | Int+4 Dex+2}
 20601 | Lair:3   | Reached skill level 15 in Axes
 20954 | Lair:3   | Found a hole to the Spider Nest.
 21230 | Lair:4   | Reached XP level 16. HP: 86/99 MP: 24/24
 21276 | Lair:4   | Noticed Snorg
 21281 | Lair:4   | Killed Snorg
 21358 | Lair:4   | Found a staircase to the Swamp.
 22172 | D:10     | Upgraded the game from 0.29-a0-512-gf59ac788ac to
                  | 0.29-a0-517-gbdf32494f2
 22348 | Lair:5   | Noticed Nessos
 22383 | Lair:5   | Reached ****** piety under Qazlal
 22392 | Lair:5   | Killed Nessos
 22563 | Lair:5   | Found a staircase to the Slime Pits.
 22564 | Lair:5   | Found a viscous altar of Jiyva.
 23095 | Lair:6   | Entered Level 6 of the Lair of Beasts
 23572 | Lair:6   | Found a transporter.
 23574 | Lair:6   | Found a transporter.
 23575 | Lair:6   | Noticed jlumianski's ghost (journeyman GrFE)
 24160 | Lair:6   | Killed jlumianski's ghost
 24161 | Lair:6   | Reached skill level 16 in Axes
 24411 | Spider:1 | Entered Level 1 of the Spider Nest
 25215 | Spider:1 | Reached XP level 17. HP: 87/106 MP: 1/26
 26299 | Spider:2 | Gained mutation: You are dopey. (Int -2) [mutagenic glow]
 26320 | Spider:2 | Reached skill level 10 in Evocations
 27665 | Spider:4 | Entered Level 4 of the Spider Nest
 28999 | Spider:3 | Reached XP level 18. HP: 44/112 MP: 28/28
 29001 | Spider:3 | Mangled by an emperor scorpion simulacrum

Illustrated notes

Levels and vault maps discovered:
D:1:      roderic_crop_circles_arrival_small, layout_rooms,
          shapermc_ecumenical_altar_rom_forum, serial_shops,
          nicolae_shop_behind_doors
D:2:      layout_basic, uniq_jessica, uniq_natasha
D:3:      layout_rooms, mainiacjoe_overflow_chevrons,
          nicolae_overflow_hidden_temple, dreamdust_princess_corridor,
          uniq_terence, uniq_crazy_yiuf_cottage
D:4:      layout_cave_pools, nicolae_kikubaaqudgha_miasma_corner,
          temple_fountains, gammafunk_ghost_grave
D:5:      layout_basic, uniq_duvessa, uniq_eustachio
D:6:      minmay_chambers_of_threes, layout_basic, serial_glass,
          glass_columns_a, glass_columns_c, minmay_misc_feat_alley,
          minmay_misc_feat_rows, nicolae_elevator_lobby_asterisk
D:7:      layout_layer_cave, kennysheep_slug_shrine, enter_bailey_5,
          uniq_menkaure
D:8:      layout_cave_pools, serial_shops, shop
D:9:      layout_loops_ring, uniq_psyche, uniq_joseph
D:10:     layout_irregular_city, mainiacjoe_overflow_divided_tiny,
          marbit_many_paths, david_lair_shrubbed
D:11:     layout_stronghold, minmay_strange_pillars
D:12:     layout_cross, erik_orc_2, nicolae_trove_entry_path_of_doom
D:13:     layout_basic, grunt_vaults_entry_fortified, ebering_ghost_gozag,
          uniq_lodul
D:14:     layout_stronghold, elyvilon_altar_4,
          nicolae_ru_great_annihilating_truth
D:15:     hangedman_depths_entry_civil_slaughter, layout_cave_pools,
          portal_ice_cave_entry_dragon, serial_shops, nicolae_shop_behind_doors,
          solitary_fountain
Temple:   eino_temple_lava
Lair:1:   layout_regular_city, dreamdust_gnoll_shepherd, uniq_erica
Lair:2:   layout_layer_cave, worms_lemuel
Lair:3:   layout_gridlike, hellmonk_spider_entry_not_the_bees,
          gauntlet_entry_generic, eino_small_chamber_without_monster
Lair:4:   nzn_winding_woodlands_stair_trap [nzn_winding_woodlands_5x15_parted,
          nzn_winding_woodlands_5x15_garden,
          nzn_winding_woodlands_5x15_split_checker,
          nzn_winding_woodlands_15x15_killbox,
          nzn_winding_woodlands_5x15_jagged, nzn_winding_woodlands_5x15_zeroes,
          nzn_winding_woodlands_5x15_eye], layout_long_grid,
          minmay_swamp_entry_reptiles, evilmike_ambush
          [evilmike_ambush_outer_corners, evilmike_ambush_inner_basic],
          uniq_snorg
Lair:5:   layout_gridlike, slime_altar_1, infiniplex_staircase_pool, uniq_nessos
Lair:6:   grunt_lair_end_beastmaster, layout_long_grid, gammafunk_ghost_hive,
          grunt_forest_large_clearing_hut, grunt_megastairs_3
Spider:1: layout_chambers, nicolae_spider_twisty_arc_passages
Spider:2: layout_spider_delve, hangedman_spider_tarantella_strand
Spider:3: layout_chambers
Spider:4: grunt_spider_rune_circles, nicolae_spider_claw_tunnel
Orc:1:    layout_caves, basic_altar, enter_volcano_2, minmay_orc_temple_c
Orc:2:    st_orc_town, layout_caves, serial_shops, shop_statue, shop,
          nicolae_shop_hallway_plus, uniq_donald

Skill      XL: |  1  2  3  4  5  6  7  8  9 10 11 12 13 14 15 16 17 |
---------------+----------------------------------------------------+-----
Axes           | 2 3 4 5 7 9 10 11 12 13 15 16 | 16.8
Dodging        | 1 2 |  2.5
Fighting       | 4 5 6 7 8 9 10 11 12 | 12.5
Armour         | 4 5 6 7 8 9 10 11 | 11.1
Shields        | 4 6 8 9 10 11 12 13 14 | 14.8
Invocations    | 3 5 7 8 9 10 11 12 13 | 13.5
Throwing       | 1 2 |  2.6
Stealth        | 1 |  1.0
Evocations     | 2 5 6 7 8 9 10 | 10.7
Maces & Flails | |  0.4

Action                   |  1- 3 |  4- 6 |  7- 9 | 10-12 | 13-15 | 16-18 || total
-------------------------+-------+-------+-------+-------+-------+-------++-------
Melee: War axe           |    99 |   147 |   283 |    49 |    10 |     5 ||   593
       Broad axe         |       |       |       |   374 |   555 |   655 ||  1584
       Eveningstar       |       |       |       |       |     7 |       ||     7
Throw: Boomerang         |       |     5 |     9 |     3 |     6 |    11 ||    34
Invok: Upheaval          |       |       |     1 |     3 |     4 |     3 ||    11
       Elemental Force   |       |       |       |     2 |     7 |     2 ||    11
Evoke: Tin of tremorston |       |       |       |       |     2 |     2 ||     4
  Use: Scroll            |       |     7 |     8 |     7 |     9 |     1 ||    32
       Potion            |       |     1 |     2 |     2 |     6 |       ||    11
 Stab: Paralysed         |       |       |       |       |     4 |     3 ||     7
       Distracted        |       |       |       |       |     1 |       ||     1
Armor: Scale mail        |    92 |    97 |    30 |   289 |   161 |       ||   669
       Plate armour      |       |       |   244 |     1 |       |       ||   245
       Crystal plate arm |       |       |       |       |   184 |   526 ||   710
Dodge: Dodged            |    81 |    68 |    81 |   254 |   140 |   262 ||   886
       Repelled          |       |       |       |     5 |     8 |       ||    13
Block: Buckler           |    27 |    30 |   107 |   111 |       |       ||   275
       Kite shield       |       |       |       |   242 |   619 |   930 ||  1791
       Reflection        |       |       |       |       |     3 |     4 ||     7

Table legend: (Time is in decaauts)
 A = Elapsed time spent in this place.
 B = Non-inter-level travel time spent in this place.
 C = Inter-level travel time spent in this place.
 D = Time resting spent in this place.
 E = Time spent auto-exploring this place.
 F = Levels seen in this place.
 G = Mean time per level.
                   A        B        C        D        E       F      G
               +--------+--------+--------+--------+--------+-----+--------+
         Total |  29251 |  28154 |   1097 |   1776 |  15942 |  30 |  975.0 |
       Dungeon |  15617 |  14966 |    651 |    968 |   8431 |  15 | 1041.1 |
        Temple |     57 |     57 |      0 |      0 |      0 |   1 |   57.0 |
          Lair |   5713 |   5381 |    332 |      0 |   3629 |   6 |  952.2 |
   Spider Nest |   4574 |   4544 |     30 |    689 |   2661 |   4 | 1143.5 |
  Orcish Mines |   2479 |   2395 |     84 |     61 |   1139 |   2 | 1239.5 |
        Bailey |    369 |    369 |      0 |      0 |     82 |   1 |  369.0 |
      Gauntlet |    438 |    438 |      0 |     57 |      0 |   1 |  438.0 |
               +--------+--------+--------+--------+--------+-----+--------+

Top non-repeatable levels by time:
   Orc:2: 1760 daAuts
Spider:3: 1727 daAuts
Spider:1: 1532 daAuts
     D:7: 1501 daAuts
    D:14: 1386 daAuts
     D:2: 1342 daAuts
Spider:2: 1226 daAuts
    D:13: 1214 daAuts
  Lair:2: 1205 daAuts
     D:3: 1155 daAuts
     D:5: 1103 daAuts
  Lair:6: 1095 daAuts
    D:10: 1074 daAuts
  Lair:4: 1037 daAuts
    D:11: 1020 daAuts
